 Dungeon Crawl Stone Soup version 0.22-a0-570-g58866f5d57 (webtiles) character file.

13 Oirien the Skirmisher (level 2, -7/24 HPs)
             Began as a Demonspawn Abyssal Knight on June 30, 2018.
             Was a Follower of Lugonu.
             Mangled by a gnoll
             ... wielding a +0 spear
              (8 damage)
             ... on level 1 of the Dungeon.
             The game lasted 00:03:30 (462 turns).

Oirien the Skirmisher (Demonspawn Abyssal Knight)    Turns: 462, Time: 00:03:31

Health: -7/24      AC:  3    Str: 12    XL:     2   Next: 24%
Magic:  3/3        EV: 11    Int: 13    God:    Lugonu [*.....]
Gold:   76         SH:  0    Dex: 12    Spells: 1/1 levels left

rFire    . . .     SeeInvis .   a - +1 hand axe
rCold    . . .     Gourm    .   (no shield)
rNeg     . . .     Faith    .   b - +0 leather armour
rPois    .         Spirit   .   (no helmet)
rElec    .         Reflect  .   (no cloak)
rCorr    .         Harm     .   (no gloves)
MR       .....                  (no boots)
Stlth    +.........             (no amulet)
HPRegen  0.08/turn              (no ring)
MPRegen  0.08/turn              (no ring)

@: no status effects
A: rot immunity
a: Depart the Abyss, Renounce Religion


You were on level 1 of the Dungeon.
You worshipped Lugonu.
Lugonu was aware of your devotion.
You were not hungry.

You visited 1 branch of the dungeon, and saw 2 of its levels.
You visited the Abyss 1 time.

You collected 76 gold pieces.

Inventory:

Hand Weapons
 a - a +1 hand axe (weapon)
Armour
 b - a +0 leather armour (worn)
Scrolls
 i - a scroll of random uselessness {unknown}
 j - 2 scrolls of magic mapping {unknown}
 l - a scroll of identify {unknown}
Potions
 d - a potion of invisibility {unknown}
 e - a potion of might {unknown}
 f - 2 potions of curing {unknown}
 h - a potion of flight {unknown}
 k - a potion of agility {unknown}
Comestibles
 c - 2 rations
 g - 4 chunks of flesh


   Skills:
 + Level 3.4 Fighting
 + Level 2.0 Axes
 - Level 1.7 Armour
 - Level 0.8 Dodging
 - Level 2.6 Invocations


You had one spell level left.
You didn't know any spells.
Your spell library was empty.

Dungeon Overview and Level Annotations

Branches:
Dungeon (2/15)

Altars:


Innate Abilities, Weirdness & Mutations

You are immune to rotting.


Message History

You climb downwards.
An adder, a quokka and 2 kobolds come into view.
The adder hisses angrily.
Found a club and 12 gold pieces.
There is a stone staircase leading up here.
You climb upwards.
The kobold hits you.
* * * LOW HITPOINT WARNING * * *
There is a stone staircase leading down here.
You barely miss the kobold. The kobold completely misses you.
The rat bites you.
* * * LOW HITPOINT WARNING * * *
You barely miss the kobold. You hit the rat.
You kill the rat!
Lugonu accepts your kill. The kobold closely misses you.
The gnoll hits you but does no damage. The kobold closely misses you.
You barely miss the kobold. You closely miss the kobold.
The kobold barely misses you. The kobold hits you but does no damage.
The gnoll hits you from afar with a spear!
You die...

.#####K.##.##.#.#)....###.....#.#
..#g..r.......#.###...........#.#
..$.####.#K....÷####..###.....#..
..g.####g##...........# #.....#..
.##.........#.......#.###.....#..
. ##.........÷##.................
. #.......#.###.##.#......####..
. #.......#..g>KK#.######..###..
# ##........####@.#.#####.....#..
##....(..............#..........
..........#.###.#.(....(....##..
###...............##............
#.......##..##.#####..(...##..
#.......###.##.# #......##..
#.#########.##.#####......##..
... #..........###########. ###
#..........# ##


You could see a gnoll and 2 kobolds.

Vanquished Creatures
  A dart slug (D:1)
  A leopard gecko (D:1)
  A bat (D:1)
  A giant cockroach (D:1)
  A hobgoblin (D:1)
  A jackal (D:1)
  2 frilled lizards (D:1)
  2 rats (D:1)
10 creatures vanquished.

Notes
Turn   | Place    | Note
-------+----------+-------------------------------------------
     0 | Abyss:1  | Oirien the Demonspawn Abyssal Knight began the quest for the Orb.
     0 | Abyss:1  | Reached XP level 1. HP: 18/18 MP: 2/2
    47 | D:1      | Escaped the Abyss
   303 | D:1      | Gained mutation: You are immune to rotting. [demonic ancestry]
   303 | D:1      | Reached XP level 2. HP: 24/24 MP: 3/3
   460 | D:1      | HP: 1/24 [rat (3)]
   462 | D:1      | Mangled by a gnoll

Vault maps used:
D:1:      sevenhm_arrival_forest_fort_large_2, st_stairs_8
D:2:      lemuel_blue_sif_altar

Skill      XL: |  1 |
---------------+----+-----
Axes           | 2 |  2.0
Fighting       | |  3.4
Armour         | |  1.7
Dodging        | |  0.8
Invocations    | |  2.6

Action                   || total
-------------------------++-------
Melee: Hand axe          ||    41
Armor: Leather armour    ||    16
Dodge: Dodged            ||    32

Table legend:
 A = Spawn XP
 B = Non-spawn XP
 C = Spawn XP percentage of total XP
 D = Spawn monster count
 E = Non-spawn monster count
 F = Spawn count percentage of total count
 G = Total turns spent on level
                    A         B        C        D         E        F      G
               +---------+---------+-------+---------+---------+-------+---------
         Total |       0 |      19 |   0.0 |       0 |      10 |   0.0 |   462
               +---------+---------+-------+---------+---------+-------+---------
           D:1 |       0 |      19 |   0.0 |       0 |      10 |   0.0 |   413
               +---------+---------+-------+---------+---------+-------+---------
